 Seeded DCSS version 0.29.0-11-gd7f09526c8 (webtiles) character file.

Game seed: 3121381558354691732 (custom seed)

7 purpskrrrp the Shooter (level 1, 12/12 HPs)
             Began as a Deep Elf Hunter on Sept 7, 2022.
             Quit the game on level 1 of the Dungeon.
             The game lasted 00:01:06 (264 turns).

purpskrrrp the Shooter (Deep Elf Hunter)             Turns: 264, Time: 00:01:06

Health: 12/12      AC:  5    Str: 10    XL:     1   Next: 91%
Magic:  3/3        EV: 12    Int: 13    God:
Gold:   51         SH:  0    Dex: 21    Spells: 0/0 levels left

rFire   . . .      SeeInvis .   a - +0 shortbow
rCold   . . .      Faith    .   (shield currently unavailable)
rNeg    . . .      Spirit   .   c - +0 leather armour
rPois   .          Reflect  .   (no helmet)
rElec   .          Harm     .   (no cloak)
rCorr   .          Rampage  .   (no gloves)
Will    .....                   h - +1 pair of boots of Ysoolug {Str+2 Dex+3}
Stlth   ++........              (no amulet)
HPRegen 0.04/turn               (no ring)
MPRegen 0.08/turn               (no ring)

@: studying Stealth
A: no striking features
a: no special abilities


You were on level 1 of the Dungeon.
You visited 1 branch of the dungeon, and saw 1 of its levels.

You collected 51 gold pieces.

Inventory:

Hand Weapons
 a - a +0 shortbow (weapon)
Missiles
 g - 2 throwing nets
Armour
 c - a +0 leather armour (worn)
 h - the +1 pair of boots of Ysoolug (worn) {Str+2 Dex+3}
   (You acquired it on level 1 of the Dungeon)

   Str:       It affects your strength (+2).
   Dex:       It affects your dexterity (+3).
Jewellery
 f - a +6 ring of strength
Scrolls
 b - a scroll of immolation
 d - a scroll of identify {unknown}
 e - a scroll of acquirement


   Skills:
 - Level 1.5 Fighting
 + Level 5.9 Ranged Weapons
 - Level 2.4 Dodging
 - Level 1.2 Stealth


You couldn't memorise any spells.
You didn't know any spells.
Your spell library contained the following spells:

 Spells                   Type           Power      Damage    Failure   Level
 Sting                    Tmut/Pois      0%         1d3       38%         1


Dungeon Overview and Level Annotations

Branches:
Dungeon (1/15)

Altars:


Message History

No target in view!
No target in view!
No target in view!
No target in view!
No target in view!
No target in view!
No target in view!
No target in view!
No target in view!
No target in view!
No target in view!
No target in view!
No target in view!
No target in view!
No target in view!
No target in view!
HP restored.
You see here a +0 dagger.
Found 3 stones.
A bat comes into view.
The bat moves out of view.
You shoot an arrow. The arrow hits the bat!
You kill the bat!
No target in view!
No target in view!
No target in view!
No target in view!
No target in view!
No target in view!
No target in view!
This is a scroll of acquirement!
Something appears at your feet!
You start putting on your armour.
You continue putting on the +1 pair of boots of Ysoolug {Str+2 Dex+3}. x4
You finish putting on the +1 pair of boots of Ysoolug {Str+2 Dex+3}.
You feel stronger.
You feel agile.
You see here a manual of Stealth.
Something appears at your feet!
Okay, then.
You pick up a manual of Stealth and begin studying.
Are you sure you want to abandon this character and quit the game? (Confirm with "yes".)

.≈.§... #..........
.≈....≈..# #..........
...≈.....# ##.......#.
.§§§.≈.≈.## #...#..#..
≈§§§......#######...#.#.
..§.≈...≈.......##.##.#.
.≈....≈...#####.##..>...
§...≈...≈...)...........
§.≈....@..###########.##
§....≈.≈..# #.#
...≈.?....... ..#
.≈....≈....### ####
...≈§........
.....§§≈..##.#
≈.≈(.§....# .#
....≈...≈.# #


There were no monsters in sight!

Vanquished Creatures
  A bat (D:1)
  An endoplasm (D:1)
  2 goblins (D:1)
  A frilled lizard (D:1)
  2 rats (D:1)
7 creatures vanquished.

Notes
Turn   | Place    | Note
-------+----------+-------------------------------------------
     0 | D:1      | purpskrrrp the Deep Elf Hunter began the quest for the Orb.
     0 | D:1      | Reached XP level 1. HP: 12/12 MP: 3/3
   157 | D:1      | Found a faded altar of an unknown god.
   161 | D:1      | Got Plato's Secrets of Vitiation
   256 | D:1      | Identified 3 scrolls of acquirement
   256 | D:1      | Acquired the +1 pair of boots of Ysoolug {Str+2 Dex+3}
   262 | D:1      | Acquired a manual of Stealth
   264 | D:1      | Quit the game

Illustrated notes

Levels and vault maps discovered:
D:1:      minmay_arrival_glassed_features, layout_loops_ring,
          shapermc_ecumenical_altar_rom_forum, nicolae_kite_square_tiling_tiny

Action                   || total
-------------------------++-------
 Fire: Shortbow          ||    15
  Use: Scroll            ||     2
Dodge: Dodged            ||     1
